 Dungeon Crawl Stone Soup version 0.31.0-9-g3a7656b989 (webtiles) character file.

Game seed: 14582705075849576165

2207 qw the Skirmisher (level 9, 0/44 HPs)
             Began as a Spriggan Hunter on Feb 2, 2024.
             Killed from afar by an electric eel (10 damage)
             ... with a bolt of electricity
             ... on level 6 of the Dungeon.
             The game lasted 00:00:32 (6293 turns).

qw the Skirmisher (Spriggan Hunter)                 Turns: 6293, Time: 00:00:33

Health: 0/44       AC:  4    Str:  7    XL:     9   Next: 13%
Magic:  10/10      EV: 31    Int: 11    God:
Gold:   481        SH:  0    Dex: 22    Spells: 8/8 levels left

rFire   + . .        a - +0 shortbow
rCold   . . .        (shield currently unavailable)
rNeg    . . .        o - +2 robe {rF+}
rPois   .            (helmet restricted)
rElec   .            (no cloak)
rCorr   .            (gloves unavailable)
SInv    +            (boots unavailable)
Will    +....        (no amulet)
Stlth   +            e - +5 ring of evasion
HPRegen 0.27/turn    (no ring)
MPRegen 0.12/turn

%: no passive effects
@: about to teleport, slow
A: very small, no large weapons, unfitting armour, see invisible, speed 3
a: no special abilities


You were on level 6 of the Dungeon.
You visited 2 branches of the dungeon, and saw 7 of its levels.

You collected 481 gold pieces.


Innate Abilities, Weirdness & Mutations

You are very small and have problems with some larger weapons.
You are too small for most types of armour.
You have supernaturally acute eyesight. (SInv)
You cover ground extremely quickly. (Speed+++)


   Skills:
 + Level 3.0 Fighting
 - Level 10.0 Ranged Weapons
 - Level 10.0 Dodging
 - Level 1.5 Stealth


You had 8 spell levels left.
You didn't know any spells.
Your spell library was empty.

Inventory:

Hand Weapons
 a - a +0 shortbow (weapon)
Armour
 o - a +2 robe of fire resistance (worn)
Jewellery
 e - a +5 ring of evasion (left hand)
Wands
 n - a wand of roots (5)
Scrolls
 d - 3 scrolls of enchant armour
 f - a scroll of teleportation
Potions
 b - a potion of enlightenment {unknown}
 g - a potion of cancellation
 h - a potion of resistance {unknown}
 j - a potion of lignification {unknown}
 k - a potion of degeneration {unknown}
 l - a potion of heal wounds {unknown}
 m - 5 potions of curing

Dungeon Overview and Level Annotations

Branches:
Dungeon (6/15)             Temple (1/1) D:4

Altars:
Cheibriados
Dithmenos
Elyvilon
Fedhas
Gozag
Hepliaklqana
Kikubaaqudgha
Makhleb
Qazlal
Ru
Sif Muna
Trog
Vehumet
Wu Jian
Yredelemnul
Zin
The Shining One

Shops:
D:4 [

Annotations:
D:6 exclusions: 8 electric eels and 6 gnolls


Message History

You shoot an arrow. The arrow hits the plant.
The plant is lightly damaged.
The electric eel shoots out a bolt of lightning at you!
The bolt of electricity hits the plant!
The bolt of electricity hits you!
The bolt of electricity hits the plant!
You shoot an arrow. The arrow hits the plant.
The plant is lightly damaged.
The electric eel shoots out a bolt of lightning at you!
The bolt of electricity hits the plant!
The bolt of electricity hits you.
The bolt of electricity hits the plant!
You shoot an arrow. The arrow hits the plant.
The plant is lightly damaged.
You shoot an arrow. The arrow hits the plant!
The plant is moderately damaged.
You shoot an arrow. The arrow hits the plant!
The plant is moderately damaged.
You shoot an arrow. The arrow hits the electric eel.
The electric eel is moderately wounded.
A nearby plant withers and dies. x2
The electric eel shoots out a bolt of lightning at you!
The bolt of electricity hits you!
You shoot an arrow.
The arrow barely misses the electric eel.
You shoot an arrow.
The arrow closely misses the electric eel.
You shoot an arrow.
The arrow hits the electric eel but does no damage.
The electric eel is moderately wounded.
The electric eel shoots out a bolt of lightning at you!
The bolt of electricity hits you!
6291 ||| READING 2 scrolls of teleportation.
As you read the scroll of teleportation, it crumbles to dust.
You feel strangely unstable.
You shoot an arrow. The arrow misses the electric eel.
You shoot an arrow.
The arrow hits the electric eel but does no damage.
The electric eel is moderately wounded.
The electric eel shoots out a bolt of lightning at you!
The bolt of electricity hits you!
You die...

.~~~~.~..>...........#
#....~~P.............#.)
#....~~~~...###.####....
##..~~~~...####.# #....
#...~P~~P..# #..# #....
#....P~~~)## #.## #....
#$..~~~~P.# #.# ###....
#..~~~S...# #.# #.....)
#..~~~~@..# #.# #.#....
#..~~~~~~.# #.# #.#....
#..~~~~~..# #.# #.#....
#...~~~~~.## #.# #.#...)
#...~~~....###.# #.#####
#...~~~........# #.#
#..~~~P...####.# #.#
#..#~~~.~.# #.# #.#
#..#~~~#..# #.###.#


You could see an electric eel.

Vanquished Creatures
  Menkaure (D:4)
  A water moccasin (D:6)
  Duvessa (D:4)
  An orc warrior (D:6)
  An ice beast (D:5)
  3 ogres
  A phantom (D:6)
  A bullfrog (D:6)
  4 scorpions (D:5)
  5 wights (D:5)
  Dowan (D:4)
  2 howler monkeys
  An electric eel (D:6)
  A bombardier beetle (D:6)
  3 hounds
  2 jellies (D:5)
  An iguana (D:6)
  2 sleepcaps
  2 orc wizards
  A mummy (D:4)
  11 adders
  9 gnolls
  2 white imps (D:5)
  2 ufetubi (D:5)
  3 dart slugs
  A ribbon worm (D:3)
  12 orcs
  7 endoplasms
  7 giant cockroaches
  4 goblins
  11 hobgoblins
  6 jackals
  9 kobolds
  4 quokkas
  9 ball pythons
  8 bats
  2 frilled lizards
  3 rats
145 creatures vanquished.

Notes
Turn   | Place    | Note
-------+----------+-------------------------------------------
     0 | D:1      | qw the Spriggan Hunter began the quest for the Orb.
     0 | D:1      | Reached XP level 1. HP: 10/10 MP: 2/2
     0 | D:1      | 0 ||| qw: Version: 0.3-a-155-g5e7d8dd
     0 | D:1      | 0 ||| qw: Game counter: 1824
     0 | D:1      | 0 ||| qw: Melee chars always use a shield: true
     0 | D:1      | 0 ||| qw: God list: Okawaru
     0 | D:1      | 0 ||| qw: Allow faded altars: false
     0 | D:1      | 0 ||| qw: Do Orc after clearing Dungeon:15 true
     0 | D:1      | 0 ||| qw: Do second Lair branch before Depths: true
     0 | D:1      | 0 ||| qw: Lair rune preference: random
     0 | D:1      | 0 ||| qw: Goals: Normal
     0 | D:1      | 0 ||| PLANNING D:1-11
    61 | D:1      | Reached skill level 3 in Dodging
    72 | D:1      | Found a faded altar of an unknown god.
    88 | D:1      | Reached XP level 2. HP: 14/14 MP: 3/3
   281 | D:1      | Reached XP level 3. HP: 18/18 MP: 4/4
   785 | D:1      | 785 ||| READING 2 scrolls labelled KISTO MAKION.
   785 | D:1      | 785 ||| IDENTIFYING sedimented red potion
   786 | D:1      | 786 ||| READING scroll of identify.
   786 | D:1      | 786 ||| IDENTIFYING scroll labelled ROT KUNOAR
   787 | D:1      | 787 ||| READING 2 scrolls labelled DOJ HIMIATUIP.
   792 | D:1      | 792 ||| DROPPING scroll of butterflies.
   793 | D:1      | 793 ||| DROPPING scroll of noise.
  1119 | D:2      | Reached XP level 4. HP: 22/22 MP: 5/5
  1162 | D:2      | HP: 3/22 [adder (4)]
  1163 | D:2      | 1163 ||| READING 2 scrolls of teleportation.
  1165 | D:2      | 1165 ||| DRINKING potion of curing.
  1165 | D:2      | 1165 ||| (to cure poison)
  1573 | D:2      | 1573 ||| UPGRADING to +5 ring of evasion.
  1574 | D:2      | 1574 ||| READING scroll of identify.
  1574 | D:2      | 1574 ||| IDENTIFYING sapphire potion
  1575 | D:2      | 1575 ||| READING 2 scrolls labelled CISUACA NOSUOL.
  1576 | D:2      | 1576 ||| DROPPING scroll of fog.
  1613 | D:3      | 1613 ||| STAIRDANCE
  1622 | D:3      | 1622 ||| STAIRDANCE
  1784 | D:3      | Found a sacrificial altar of Ru.
  1786 | D:3      | Found a blossoming altar of Fedhas.
  1787 | D:3      | Found a glowing silver altar of Zin.
  1787 | D:3      | Found a snail-covered altar of Cheibriados.
  1788 | D:3      | Found a glowing golden altar of the Shining One.
  1788 | D:3      | Found a white marble altar of Elyvilon.
  1788 | D:3      | Found a hazy altar of Hepliaklqana.
  1889 | D:3      | 1889 ||| RETREEEEATING.
  1890 | D:3      | 1890 ||| RETREEEEATING.
  1891 | D:3      | 1891 ||| RETREEEEATING.
  1894 | D:3      | 1894 ||| RETREEEEATING.
  1901 | D:3      | Reached XP level 5. HP: 17/26 MP: 6/6
  2200 | D:3      | Found a basalt altar of Yredelemnul.
  2443 | D:3      | 2443 ||| READING 3 scrolls labelled MEDEOT TASTROYM.
  2443 | D:3      | 2443 ||| ENCHANTING +0 shortbow.
  2471 | D:4      | 2471 ||| PLANNING OSSUARY
  2663 | D:4      | Noticed Dowan
  2665 | D:4      | Noticed Duvessa
  2669 | D:4      | 2669 ||| DRINKING potion of haste.
  2685 | D:4      | Killed Duvessa
  2686 | D:4      | Reached skill level 6 in Ranged Weapons
  2686 | D:4      | Reached XP level 6. HP: 23/30 MP: 7/7
  2688 | D:4      | 2688 ||| FLEEEEING.
  2690 | D:4      | 2690 ||| FLEEEEING.
  2698 | D:4      | Killed Dowan
  2804 | D:4      | Reached skill level 6 in Dodging
  2807 | D:4      | Found a staircase to the Ecumenical Temple.
  2825 | D:4      | Reached XP level 7. HP: 35/35 MP: 8/8
  2851 | D:4      | Identified the +1 whip of the Endless Realms {flame, rElec
                  | rCorr Dex+5}
  2882 | D:4      | Found Imuobouk's Armour Boutique.
  2887 | D:4      | 2887 ||| SHOPLISTING scarf "Kellyuh" {repulsion, Will+}
                  | (271 gold, have 232).
  3054 | D:4      | Noticed Menkaure
  3063 | D:4      | Killed Menkaure
  3331 | D:4      | 3331 ||| RIP OSSUARY
  3458 | D:4      | 3458 ||| PLANNING TEMPLE
  3465 | D:4      | 3465 ||| READING scroll labelled UKYSYZEDOS.
  3466 | D:4      | 3466 ||| READING scroll labelled EXISUV MOSH.
  3630 | Temple   | Entered the Ecumenical Temple
  3631 | Temple   | 3631 ||| PLANNING D:1-11
  4173 | D:5      | Entered Level 5 of the Dungeon
  4227 | D:5      | 4227 ||| RETREEEEATING.
  4228 | D:5      | 4228 ||| RETREEEEATING.
  4229 | D:5      | 4229 ||| RETREEEEATING.
  4276 | D:5      | 4276 ||| RETREEEEATING.
  4277 | D:5      | 4277 ||| RETREEEEATING.
  4282 | D:5      | Reached skill level 3 in Fighting
  4290 | D:5      | Reached XP level 8. HP: 40/40 MP: 9/9
  4345 | D:5      | 4345 ||| RETREEEEATING.
  4591 | D:5      | Reached skill level 9 in Ranged Weapons
  4804 | D:5      | Reached skill level 9 in Dodging
  4895 | D:5      | Found a radiant altar of Vehumet.
  4896 | D:5      | 4896 ||| DRINKING 2 grey potions.
  5030 | D:5      | 5030 ||| DROPPING +6 ring of intelligence.
  5275 | D:6      | 5275 ||| FLEEEEING.
  5276 | D:6      | 5276 ||| FLEEEEING.
  5277 | D:6      | 5277 ||| FLEEEEING.
  5381 | D:6      | Found a bloodstained altar of Trog.
  5392 | D:6      | Found a shimmering blue altar of Sif Muna.
  5420 | D:6      | Reached XP level 9. HP: 41/44 MP: 10/10
  5825 | D:6      | 5825 ||| FLEEEEING.
  5826 | D:6      | 5826 ||| FLEEEEING.
  5872 | D:6      | 5872 ||| FLEEEEING.
  5873 | D:6      | 5873 ||| FLEEEEING.
  5953 | D:6      | 5953 ||| FLEEEEING.
  5954 | D:6      | 5954 ||| FLEEEEING.
  5957 | D:6      | 5957 ||| FLEEEEING.
  5958 | D:6      | 5958 ||| FLEEEEING.
  5959 | D:6      | 5959 ||| FLEEEEING.
  5983 | D:6      | 5983 ||| FLEEEEING.
  5984 | D:6      | 5984 ||| FLEEEEING.
  5985 | D:6      | 5985 ||| FLEEEEING.
  5986 | D:6      | 5986 ||| FLEEEEING.
  5991 | D:6      | 5991 ||| FLEEEEING.
  5992 | D:6      | 5992 ||| FLEEEEING.
  5993 | D:6      | 5993 ||| FLEEEEING.
  5994 | D:6      | 5994 ||| FLEEEEING.
  5995 | D:6      | 5995 ||| FLEEEEING.
  5996 | D:6      | 5996 ||| FLEEEEING.
  5997 | D:6      | 5997 ||| FLEEEEING.
  5998 | D:6      | 5998 ||| STAIRDANCE
  6071 | D:5      | 6071 ||| UPGRADING to +2 robe of fire resistance.
  6081 | D:5      | 6081 ||| DROPPING +0 robe.
  6082 | D:5      | 6082 ||| DRINKING 2 clear potions.
  6083 | D:5      | 6083 ||| DROPPING potion of attraction.
  6290 | D:6      | HP: 10/44 [electric eel/bolt of electricity (10)]
  6291 | D:6      | 6291 ||| READING 2 scrolls of teleportation.
  6293 | D:6      | Killed from afar by an electric eel

Levels and vault maps discovered:
D:1:      dpeg_arrival_triangle_fractal, layout_basic,
          hellmonk_ecumenical_altar_dog_temple
D:2:      layout_basic, grunt_ministairs_5, kennysheep_cluttered_room
D:3:      layout_loops_ring, marbit_many_paths, grunt_temple_overflow_open,
          cheibrodos_gnoll_hut
D:4:      layout_layer_cave, minmay_temple_entry_offerings,
          gup_ossuary_entry_pyramid, serial_shops,
          nicolae_shop_pleasant_corner_grove, serial_bayou_pond_c,
          kennysheep_big_empty_room, uniq_duvessa, uniq_menkaure
D:5:      layout_cave_pools, mainiacjoe_overflow_cross_hatched, serial_park,
          serial_park_square3 [serial_park_minivault_5x5_2], serial_park_gazebo
          [serial_park_minivault_5x5_5], serial_park_tiny_pond,
          minmay_fractal_squares_5
D:6:      layout_rooms, nzn_overflow_gifts_of_might_and_magic,
          chequers_big_river
Temple:   hellmonk_temple_rainy

Skill      XL: |  1  2  3  4  5  6  7  8  9 |
---------------+----------------------------+-----
Dodging        | 3 4 5 6 7 9 10 | 10.0
Ranged Weapons | 5 6 7 8 10 | 10.0
Fighting       | 2 3 |  3.0
Stealth        | |  1.5

Action                     |  1- 3 |  4- 6 |  7- 9 || total
---------------------------+-------+-------+-------++-------
   Fire: Shortbow          |    89 |   187 |   355 ||   631
    Use: Scroll            |     3 |     4 |     3 ||    10
         Potion            |       |     2 |     2 ||     4
 Armour: Robe              |     3 |    20 |    33 ||    56
  Dodge: Dodged            |     9 |   119 |   138 ||   266

Table legend:
 A = Non-vault XP
 B = Vault XP
 C = Vault XP percentage of total XP
 D = Non-vault monster count
 E = Vault monster count
 F = Vault count percentage of total count
                 A         B        C        D         E       F
            +---------+---------+-------+---------+---------+-------
      Total |    2006 |    1147 |  36.4 |     121 |      24 |  16.6
            +---------+---------+-------+---------+---------+-------
        D:1 |      52 |       6 |  10.3 |      29 |       3 |   9.4
        D:2 |      53 |      15 |  22.1 |      16 |       2 |  11.1
        D:3 |      73 |     101 |  58.0 |      19 |       4 |  17.4
        D:4 |     398 |     394 |  49.7 |      20 |       4 |  16.7
        D:5 |     760 |     459 |  37.7 |      16 |       9 |  36.0
        D:6 |     670 |     172 |  20.4 |      21 |       2 |   8.7
            +---------+---------+-------+---------+---------+-------
